 Dungeon Crawl Stone Soup version 0.31.0-11-ge490571c62 (webtiles) character file.

Game seed: 15560637527623746554

161561 hikkokomori the Blocker (level 18, -3/138 HPs)
             Began as a Formicid Wanderer on Feb 2, 2024.
             Was an Elder of Okawaru.
             Succumbed to a swamp dragon's blast of poison
             ... on level 4 of the Swamp.
             The game lasted 02:29:52 (32683 turns).

hikkokomori the Blocker (Formicid Wanderer)        Turns: 32683, Time: 02:29:52

Health: -3/138     AC: 21    Str: 20    XL:     18   Next: 42%
Magic:  22/34      EV: 20    Int:  2    God:    Okawaru [****..]
Gold:   282        SH: 22    Dex: 25    Spells: 3/41 levels left

rFire   + + +        C - +3 longbow (drain)
rCold   + . .        P - +0 kite shield
rNeg    + + .        J - +7 scale mail "Xaepnoaq" {rF++ Int-4 Slay+4}
rPois   +            (helmet unavailable)
rElec   +            N - scarf of Hopscotch {repulsion, rElec rN+}
rCorr   +            K - +1 pair of gloves
SInv    +            b - +1 pair of boots
Will    +....        u - amulet of reflection
Stlth   +++          m - ring of Diyhulapt {rF+ Dex+6}
HPRegen 0.43/turn    W - ring of the Hurling Gods {rN+ rCorr EV+5 Int-5}
MPRegen 0.24/turn

%: repel missiles, reflection
@: lethally poisoned (-3 -> -23), resistant, heroic, finesse-ful, studying
Fighting
A: permanent stasis, dig shafts and tunnels, antennae 3, four strong arms
a: Dig, Shaft Self, Renounce Religion, Heroism, Finesse


You were on level 4 of the Swamp.
You worshipped Okawaru.
Okawaru was greatly pleased with you.
You visited 7 branches of the dungeon, and saw 30 of its levels.

You collected 3152 gold pieces.
You spent 2870 gold pieces at shops.

Inventory:

Hand Weapons
 d - the +7 captain's cutlass {speed, disarm}
   (You found it on level 5 of the Lair of Beasts)
 i - a +3 short sword of venom
 s - a +2 dagger of draining
 y - a +2 glaive of freezing
 C - a +3 longbow of draining (weapon)
Missiles
 t - 18 curare-tipped darts
 G - 4 throwing nets
Armour
 b - a +1 pair of boots (worn)
 z - the +3 tower shield of Kihyteup {rN+ Str+3}
   (You acquired it on level 2 of the Swamp)

   Str+3:     It affects your strength (+3).
   rN+:       It protects you from negative energy.
 J - the +7 scale mail "Xaepnoaq" (worn) {rF++ Int-4 Slay+4}
   (Okawaru gifted it to you on level 12 of the Dungeon)

   Int-4:     It affects your intelligence (-4).
   Slay+4:    It affects your accuracy & damage with ranged weapons and melee
   (+4).
   rF++:      It greatly protects you from fire.
 K - a +1 pair of gloves (worn)
 N - the scarf of Hopscotch (worn) {repulsion, rElec rN+}
   (You acquired it on level 5 of the Lair of Beasts)

   rElec:     It insulates you from electricity.
   rN+:       It protects you from negative energy.
 P - a +0 kite shield (worn)
 R - +0 steam dragon scales
Jewellery
 j - a ring of ice
 m - the ring of Diyhulapt (left hand) {rF+ Dex+6}
   (You found it on level 4 of the Lair of Beasts)

   [ring of protection from fire]

   Dex+6:     It affects your dexterity (+6).
   rF+:       It protects you from fire.
 u - an amulet of reflection (around neck)
 w - an amulet of regeneration
 A - a ring of willpower
 T - a ring of fire
 W - the ring of the Hurling Gods (right hand) {rN+ rCorr EV+5 Int-5}
   (You took it off a centaur on level 15 of the Dungeon)

   [ring of evasion]

   EV+5:      It affects your evasion (+5).
   Int-5:     It affects your intelligence (-5).
   rN+:       It protects you from negative energy.
   rCorr:     It protects you from acid and corrosion.
 Y - the ring of Greed {rC+ rCorr Str+7}
   (You acquired it on level 2 of the Lair of Beasts)

   [ring of protection from cold]

   Str+7:     It affects your strength (+7).
   rC+:       It protects you from cold.
   rCorr:     It protects you from acid and corrosion.
Wands
 e - a wand of flame (54)
 q - a wand of digging (16)
 B - a wand of paralysis (6)
 I - a wand of iceblast (11)
 L - a wand of mindburst (2)
 S - a wand of acid (8)
 Z - a wand of polymorph (7)
Scrolls
 a - 3 scrolls of vulnerability
 c - 7 scrolls of fog
 g - 2 scrolls of revelation
 h - 4 scrolls of brand weapon
 v - a scroll of summoning
 x - 6 scrolls of poison
 D - 7 scrolls of fear
 E - 3 scrolls of amnesia
 F - 3 scrolls of immolation
 V - 2 scrolls of enchant weapon
Potions
 k - 7 potions of brilliance
 l - 4 potions of magic
 n - 4 potions of mutation
 p - a potion of invisibility
 r - 3 potions of curing
 M - 2 potions of might
 O - 4 potions of enlightenment
 Q - 3 potions of resistance
 U - 2 potions of lignification
 X - 2 potions of cancellation
Miscellaneous
 o - a tin of tremorstones (inert)


   Skills:
 + Level 11.4(16.4) Fighting
 - Level 2.2(7.2) Short Blades
 - Level 13.0(18.0) Ranged Weapons
 - Level 1.0(6.0) Throwing
 + Level 8.3(13.3) Armour
 - Level 2.3(7.3) Dodging
 - Level 2.4(7.4) Stealth
 + Level 13.7(18.7) Shields
 + Level 12.3 Spellcasting
 + Level 3.0 Conjurations
 - Level 10.0 Hexes
 - Level 3.6 Summonings
 - Level 6.7 Necromancy
 - Level 6.6 Fire Magic
 - Level 5.6 Ice Magic
 + Level 2.7 Air Magic
 - Level 7.6 Earth Magic
 + Level 12.1 Alchemy
 - Level 9.0 Invocations
 - Level 6.9 Evocations


You had 3 spell levels left.
You knew the following spells:

 Your Spells              Type           Power      Damage    Failure   Level
a - Inner Flame           Hex/Fire       4%         N/A       5%          3
b - Sigil of Binding      Hex            5%         N/A       2%          3
c - Olgreb's Toxic Radia  Alch           6%         N/A       3%          4
d - Borgnjor's Vile Clut  Necr/Erth      2%         N/A       63%         5
e - Yara's Violent Unrav  Hex/Alch       2%         3d3       16%         5
f - Ozocubu's Armour      Ice            3%         N/A       16%         3
g - Ignite Poison         Fire/Alch      4%         N/A       12%         4
h - Mephitic Cloud        Conj/Alch/Air  3%         N/A       14%         3
i - Metabolic Englaciati  Hex/Ice        2%         N/A       52%         5
j - Fugue of the Fallen   Necr           3%         N/A       11%         3

Your spell library contained the following spells:

 Spells                   Type           Power      Damage    Failure   Level
 Slow                     Hex            20%        N/A       1%          1
 Jinxbite                 Hex            10%        N/A       1%          2
 Sting                    Conj/Alch      16%        1d4       2%          1
 Confusing Touch          Hex            5%         N/A       2%          3
 Necrotise                Necr           12%        1d4       3%          1
 Ensorcelled Hibernation  Hex/Ice        8%         N/A       3%          2
 Cigotuvi's Dreadful Rot  Necr/Alch/Air  8%         N/A       4%          2
 Mercury Vapours          Alch/Air       8%         N/A       4%          2
 Kiss of Death            Conj/Necr      12%        2d6       8%          1
 Vampiric Draining        Necr           3%         2d6       11%         3
 Dazzling Flash           Conj/Hex       6%         N/A       12%         3
 Magic Dart               Conj           8%         1d3       16%         1
 Searing Ray              Conj           4%         2d4       24%         2
 Hailstorm                Conj/Ice       2%         3d5       28%         3
 Gell's Gravitas          Tloc           1%         N/A       86%         3
 Teleport Other           Tloc           1%         N/A       86%         3
 Anguish                  Hex/Necr       2%         N/A       19%         4
 Fulminant Prism          Conj/Alch      2%         3d5       24%         4
 Dispel Undead            Necr           3%         3d7       34%         4
 Dimensional Bullseye     Hex/Tloc       1%         N/A       56%         4
 Irradiate                Conj/Alch      2%         3d12      56%         5
 Curse of Agony           Necr           3%         N/A       69%         5
 Silence                  Hex/Air        1%         N/A       75%         5
 Freezing Cloud           Conj/Ice/Air   1%         6-21      97%         5
 Dispersal                Tloc           0%         N/A       100%        6
 Enfeeble                 Hex            2%         N/A       100%        7
 Ignition                 Fire           1%         3d3       100%        8
 Summon Small Mammal      Summ           Unusable   N/A       N/A         1
 Summon Ice Beast         Ice/Summ       Unusable   N/A       N/A         3
 Call Canine Familiar     Summ           Unusable   N/A       N/A         3
 Animate Dead             Necr           Unusable   N/A       N/A         4
 Animate Armour           Summ/Erth      Unusable   N/A       N/A         4
 Martyr's Knell           Necr/Summ      Unusable   N/A       N/A         4
 Sculpt Simulacrum        Ice/Alch       Unusable   N/A       N/A         6
 Death Channel            Necr           Unusable   N/A       N/A         6

Dungeon Overview and Level Annotations

Branches:
Dungeon (15/15)            Temple (1/1) D:7            Lair (5/5) D:8
  Swamp (4/4) Lair:2        Snake (2/4) Lair:3        Slime (0/5) Lair:4
    Orc (2/2) D:10            Elf (1/3) Orc:2        Vaults (0/5) D:14
 Depths (0/4) D:15

Altars:
Ashenzari
Cheibriados
Dithmenos
Elyvilon
Fedhas
Gozag
Hepliaklqana
Kikubaaqudgha
Makhleb
Nemelex Xobeh
Okawaru
Qazlal
Ru
Sif Muna
Trog
Uskayaw
Vehumet
Wu Jian
Xom
Yredelemnul
Zin
The Shining One
Jiyva

Shops:
D:2 ([   D:8 *   D:9 *   Orc:2 :?=   Snake:1 :=:

Annotations:
Swamp:3 2 transporters, Xuila's ghost, adept DrSh
Snake:2 Aizul, Vashnia


Innate Abilities, Weirdness & Mutations

You cannot be hasted, slowed, berserked, paralysed or teleported.
You can dig through walls and to a lower floor.
You have a pair of large antennae on your head. (SInv)
Your four strong arms can wield two-handed weapons with a shield.


Message History

You block the swamp dragon's attack. The swamp dragon completely misses you.
You block the swamp dragon's attack.
Unknown command.
You feel sick.
The swamp dragon breathes poison at you.
The blast of poison misses you.
Unknown command.
Unknown command.
Okay, then.
You can now deal lightning-fast blows.
You are engulfed in poison gas.
You are more poisoned.
* * * LOW HITPOINT WARNING * * *
x2 You feel very sick.
You block the swamp dragon's attack. The swamp dragon misses you.
The swamp dragon tramples you!
* * * LOW HITPOINT WARNING * * *
You stumble backwards!
Unknown command.
Unknown command.
You feel better.
You are engulfed in poison gas.
You are lethally poisoned!
* * * LOW HITPOINT WARNING * * *
x2 You feel very sick.
You block the swamp dragon's attack. x3
Unknown command.
Unknown command.
Unknown command.
You feel better.
You are engulfed in poison gas.
You are lethally poisoned!
* * * LOW HITPOINT WARNING * * *
x2 You feel very sick.
The swamp dragon breathes poison at you.
The blast of poison engulfs you.
You are more poisoned.
* * * LOW HITPOINT WARNING * * *
Unknown command.
Okay, then.
You feel protected.
You die...

##♣≈#≈#.{# ##.≈≈≈≈≈~{#
#§≈~~≈≈§~~♣ ~#≈~.≈.≈{~♣
♣.≈≈≈.#~#~# ♣≈≈.#.#D♣# ♣♣
≈≈≈§#~#X♣♣.♣♣ ~§.#†#~♣D°°§♣
.~~~#†♣°°@§.♣♣
#########.~~☼§☼§~♣
♣.~~..~~§..○~..☼.♣
♣♣♣♣...~~..~~~...♣
♣.~~~~~§.~§~~~♣♣
♣~~~~~~.~♣~♣♣♣♣
♣♣♣♣.~~~~§~~~~♣♣ ...
♣.♣♣♣~~~~~~..~~♣ ♣.~.♣♣♣♣♣♣♣
♣♣♣~♣♣♣.~~.§.~..~♣♣..?♣♣~.§♣.♣
♣♣


You could see a tentacled monstrosity, an eight-headed hydra and a swamp dragon
(catching breath).

Vanquished Creatures
  Bai Suzhen (Swamp:4)
  2 thorn hunters
  Gastronok (D:8)
  Donald (Swamp:3)
  3 fenstrider witches
  2 very ugly things
  2 eleionomae
  4 bunyips
  2 dire elephants
  Snorg (D:13)
  A shambling mangrove (Swamp:4)
  12 hydras
  3 ghost crabs
  8 vault guards (D:14)
  Fannar (D:12)
  4 ogre magi (Orc:2)
  16 alligators
  A merfolk avatar (Lair:5)
  4 centaur warriors
  A death knight (D:14)
  A dancing weapon (Elf:1)
  3 boulder beetles
  4 anacondas
  A naga warrior (Snake:1)
  3 tengu warriors
  16 two-headed ogres
  Urug (Orc:2)
  3 naga sharpshooters
  Nergalle (D:11)
  2 shock serpents
  A deep elf knight (Elf:1)
  Sonja (Orc:2)
  Amaemon (Lair:2)
  2 skysharks (Lair:5)
  6 goliath frogs
  5 skeletal warriors
  3 swamp dragons (Swamp:4)
  Lodul (D:12)
  5 bog bodies
  A spriggan druid (Swamp:2)
  2 naga ritualists (Snake:1)
  A deep elf archer (Elf:1)
  5 deep elf zephyrmancers (Elf:1)
  A wolf spider (D:15)
  4 deep elf pyromancers
  7 will-o-the-wisps
  7 ugly things
  2 manticores
  6 salamanders
  3 cyclopes
  9 elephants
  18 black mambas
  A black mamba (shapeshifter) (D:15)
  10 cane toads
  6 naga magi (Snake:1)
  Maggie (D:8)
  3 orange demons
  9 komodo dragons
  An efreet (D:13)
  6 rime drakes
  2 kobold demonologists
  Psyche (D:12)
  2 wind drakes (Lair:5)
  A freezing wraith (D:14)
  A polar bear (shapeshifter) (D:13)
  A tengu conjurer (D:15)
  A queen bee (Lair:1)
  2 polar bears
  5 tyrant leeches
  A nameless horror (D:3)
  24 hornets
  6 trolls
  4 dream sheep (Lair:5)
  22 blink frogs
  A snapping turtle (Lair:5)
  13 slime creatures
  3 wraiths
  11 spriggans
  10 wyverns
  50 yaks
  2 shadows (Swamp:4)
  4 steam dragons
  4 basilisks
  8 vampire mosquitoes
  8 nagas
  19 swamp worms
  3 acid dragons
  12 water moccasins
  4 swamp drakes
  A meliai simulacrum (D:15)
  A black bear (Lair:3)
  10 orc warriors
  2 sky beasts (D:8)
  2 ice beasts
  3 boggarts (D:13)
  27 ogres
  13 wolves
  11 centaurs
  6 kobold brigands
  A phantom (D:6)
  3 gnoll sergeants
  11 bullfrogs
  2 scorpions
  5 wights (D:8)
  20 killer bees
  4 electric eels (Lair:4)
  2 howler monkeys (D:13)
  5 lava snakes (Lair:4)
  A bombardier beetle (D:5)
  A crimson imp (D:6)
  A jelly (D:8)
  15 orc priests
  5 hounds
  A gnoll bouda (D:5)
  4 iguanas
  Terence (D:3)
  11 orc wizards
  A hell rat (Lair:3)
  8 adders
  29 gnolls
  4 shadow imps
  A white imp (D:6)
  2 dart slugs
  6 ribbon worms
  47 orcs
  4 bats
  12 endoplasms
  5 goblins
  13 hobgoblins
  4 jackals (D:4)
  27 kobolds
  3 quokkas
  2 ball pythons (D:3)
  4 frilled lizards
  5 rats
804 creatures vanquished.

Vanquished Creatures (others)
  3 bloated husks
  45 foxfires
48 creatures vanquished.

Grand Total: 852 creatures vanquished

Notes
Turn   | Place    | Note
-------+----------+-------------------------------------------
     0 | D:1      | hikkokomori the Formicid Wanderer began the quest for the
                  | Orb.
     0 | D:1      | hikkokomori set off with the following items: a +0 club, a
                  | +0 pair of boots, a scroll of fog, a +0 leather armour, a
                  | wand of flame (16); and the following spell memorised:
                  | Summon Small Mammal; and the following spells available to
                  | memorise: Call Canine Familiar.
     0 | D:1      | Reached XP level 1. HP: 15/15 MP: 2/2
   223 | D:1      | Reached XP level 2. HP: 19/21 MP: 0/4
   443 | D:1      | Reached XP level 3. HP: 27/27 MP: 3/5
   791 | D:2      | Found a faded altar of an unknown god.
   823 | D:2      | Reached XP level 4. HP: 28/34 MP: 7/7
  1007 | D:2      | Learned a level 3 spell: Call Canine Familiar
  1044 | D:2      | Found Rumuleoq's Antique Armour Boutique.
  1128 | D:2      | Found Takliniru's Antique Weapon Boutique.
  1281 | D:2      | Reached XP level 5. HP: 40/40 MP: 8/8
  1821 | D:3      | Noticed Terence
  1827 | D:3      | Killed Terence
  1889 | D:3      | Noticed a nameless horror
  1894 | D:3      | You fall into a shaft and drop 2 floors!
  1894 | D:5      | Entered Level 5 of the Dungeon
  2098 | D:5      | Reached skill level 1 in Short Blades
  2098 | D:5      | Reached XP level 6. HP: 40/47 MP: 10/10
  2442 | D:4      | Noticed an ogre
  2457 | D:4      | Killed an ogre
  2458 | D:4      | Reached skill level 1 in Shields
  2579 | D:4      | Reached XP level 7. HP: 53/53 MP: 12/12
  2620 | D:4      | Learned a level 4 spell: Olgreb's Toxic Radiance
  3235 | D:3      | Killed a nameless horror
  3432 | D:3      | Reached skill level 1 in Alchemy
  3587 | D:3      | Noticed a water moccasin
  3605 | D:3      | Killed a water moccasin
  3606 | D:3      | Reached skill level 1 in Ranged Weapons
  4224 | D:5      | Reached XP level 8. HP: 61/61 MP: 14/14
  4743 | D:2      | Bought a spiked buckler for 209 gold pieces
  4743 | D:2      | Identified the +0 buckler of Fortification {+Blink rF+}
                  | (You bought it in a shop on level 2 of the Dungeon)
  4871 | D:6      | Reached skill level 5 in Fighting
  5049 | D:6      | Noticed a komodo dragon
  5060 | D:6      | Killed a komodo dragon
  5061 | D:6      | Reached XP level 9. HP: 51/68 MP: 15/15
  5111 | D:6      | Reached skill level 5 in Shields
  5175 | D:6      | Reached skill level 5 in Alchemy
  5275 | D:6      | Noticed a kobold demonologist
  5277 | D:6      | Killed a kobold demonologist
  6021 | D:7      | Reached skill level 5 in Evocations
  6110 | D:7      | Reached XP level 10. HP: 77/77 MP: 16/16
  6178 | D:7      | Found a staircase to the Ecumenical Temple.
  6582 | D:7      | Reached skill level 5 in Ranged Weapons
  7165 | D:2      | Bought a masterwork leather armour for 154 gold pieces
  7165 | D:2      | Identified the +0 leather armour "Kihinwuiv" {rC- rN++
                  | Dex+4} (You bought it in a shop on level 2 of the Dungeon)
  7411 | Temple   | Entered the Ecumenical Temple
  7432 | Temple   | Became a worshipper of Warmaster Okawaru
  7731 | D:8      | Reached * piety under Okawaru
  7789 | D:8      | Found a staircase to the Lair.
  7822 | D:8      | Learned a level 5 spell: Borgnjor's Vile Clutch
  7850 | D:8      | Noticed Gastronok
  7864 | D:8      | Killed Gastronok
  7864 | D:8      | Reached ** piety under Okawaru
  7917 | D:8      | Noticed Maggie
  7927 | D:8      | Killed Maggie
  7928 | D:8      | Reached skill level 5 in Spellcasting
  7928 | D:8      | Reached XP level 11. HP: 84/86 MP: 10/18
  8055 | D:8      | Reached skill level 1 in Earth Magic
  8065 | D:8      | Reached skill level 1 in Necromancy
  8278 | D:8      | Reached *** piety under Okawaru
  8606 | D:8      | Found Deroes's CLEARANCE SALE!.
  8609 | D:8      | Bought a potion of cancellation for 40 gold pieces
  8609 | D:8      | Bought a scroll of identify for 10 gold pieces
  8609 | D:8      | Bought a potion of heal wounds for 25 gold pieces
  8900 | D:9      | Noticed a two-headed ogre
  8915 | D:9      | Killed a two-headed ogre
  9067 | D:9      | Found Dopa's General Store.
  9082 | D:9      | Bought a +0 pair of gloves for 72 gold pieces
  9114 | D:9      | Reached **** piety under Okawaru
  9513 | D:9      | Learned a level 3 spell: Inner Flame
  9517 | D:9      | Learned a level 3 spell: Sigil of Binding
  9537 | D:10     | Entered Level 10 of the Dungeon
  9585 | D:10     | Noticed a cyan ugly thing
  9601 | D:10     | Killed a cyan ugly thing
  9852 | Lair:1   | Entered Level 1 of the Lair of Beasts
  9859 | Lair:1   | Reached skill level 1 in Hexes
 10160 | Lair:1   | Reached ***** piety under Okawaru
 10162 | Lair:1   | Reached XP level 12. HP: 91/93 MP: 15/21
 10268 | Lair:1   | Reached skill level 5 in Earth Magic
 10718 | Lair:2   | Noticed Amaemon
 10738 | Lair:2   | Killed Amaemon
 10888 | Lair:2   | Reached skill level 10 in Shields
 11291 | Lair:2   | Reached skill level 1 in Fire Magic
 11298 | Lair:2   | Received a gift from Okawaru
 11308 | Lair:2   | Reached skill level 5 in Hexes
 11503 | Lair:2   | Found a staircase to the Swamp.
 12007 | Lair:2   | Identified 3 scrolls of acquirement
 12011 | Lair:2   | Acquired a book of Misfortune
 12028 | Lair:2   | Learned a level 5 spell: Yara's Violent Unravelling
 12431 | Lair:3   | Reached XP level 13. HP: 99/99 MP: 24/24
 12600 | Lair:3   | Found a staircase to the Snake Pit.
 12889 | Lair:3   | Noticed an anaconda
 12902 | Lair:3   | Killed an anaconda
 13075 | Lair:3   | Received a gift from Okawaru
 13169 | Lair:3   | Noticed an alligator
 13175 | Lair:3   | You fall into a shaft and drop 2 floors!
 13175 | Lair:5   | Entered Level 5 of the Lair of Beasts
 13399 | Lair:5   | Acquired the ring of Greed {rC+ rCorr Str+7}
 13403 | Lair:5   | Acquired the scarf of Hopscotch {repulsion, rElec rN+}
 13491 | Lair:5   | Learned a level 3 spell: Ozocubu's Armour
 13563 | Lair:5   | Noticed a seven-headed hydra
 13565 | Lair:5   | Reached skill level 1 in Ice Magic
 13579 | Lair:5   | Killed a seven-headed hydra
 13592 | Lair:5   | Received a gift from Okawaru
 14162 | Lair:5   | Reached skill level 5 in Ice Magic
 14255 | Lair:5   | Noticed a six-headed hydra
 14269 | Lair:5   | Killed a six-headed hydra
 14270 | Lair:5   | Reached XP level 14. HP: 38/108 MP: 23/26
 14768 | Lair:4   | Received a gift from Okawaru
 14950 | Lair:4   | Reached skill level 5 in Invocations
 15081 | Lair:4   | Identified the ring of Diyhulapt {rF+ Dex+6}
 15331 | Lair:4   | Found a viscous altar of Jiyva.
 15332 | Lair:4   | Found a staircase to the Slime Pits.
 15747 | Lair:5   | Reached skill level 10 in Fighting
 16214 | Lair:5   | Received a gift from Okawaru
 16226 | Lair:5   | Noticed a dire elephant
 16367 | Lair:5   | Killed a dire elephant
 16607 | Lair:5   | Found the +7 captain's cutlass {speed, disarm}
 17511 | Lair:3   | Got Sif Muna's Cyclopedia of Assistive Mortification
 17929 | D:10     | Found a hide-covered altar of Uskayaw.
 17931 | D:10     | Found a glowing golden altar of the Shining One.
 18224 | D:10     | Found a staircase to the Orcish Mines.
 18694 | D:11     | Reached skill level 5 in Fire Magic
 18722 | D:11     | Noticed Nergalle
 18730 | D:11     | Killed Nergalle
 18917 | D:11     | Received a gift from Okawaru
 19117 | Orc:1    | Entered Level 1 of the Orcish Mines
 19442 | Orc:2    | Entered Level 2 of the Orcish Mines
 19505 | Orc:2    | Found a staircase to the Elven Halls.
 19555 | Orc:2    | Noticed Urug
 19564 | Orc:2    | Killed Urug
 19565 | Orc:2    | Reached skill level 10 in Ranged Weapons
 19733 | Orc:2    | Reached skill level 10 in Spellcasting
 19736 | Orc:2    | Reached XP level 15. HP: 103/115 MP: 13/29
 19740 | Orc:2    | Received a gift from Okawaru
 19752 | Orc:2    | Noticed Sonja
 19779 | Orc:2    | Killed Sonja
 19780 | Orc:2    | Reached skill level 5 in Necromancy
 19808 | Orc:2    | Reached ****** piety under Okawaru
 19808 | Orc:2    | Received a gift from Okawaru
 19967 | Orc:2    | Found Orepriqa's Magic Scroll Shop.
 19967 | Orc:2    | Found Zytyc's Book Emporium.
 19967 | Orc:2    | Found Tesamaurr's Jewellery Shoppe.
 19967 | Orc:2    | Found Oryetacw's General Store.
 20522 | D:12     | Noticed Lodul
 20532 | D:12     | Killed Lodul
 20861 | D:12     | Noticed Psyche
 20863 | D:12     | Killed Psyche
 21032 | D:12     | Noticed Fannar
 21047 | D:12     | Killed Fannar
 21752 | D:12     | Acquired a +0 arbalest of freezing
 21752 | D:12     | Received a gift from Okawaru
 21754 | D:12     | Acquired the +7 scale mail "Xaepnoaq" {rF++ Int-4 Slay+4}
 21754 | D:12     | Received a gift from Okawaru
 22094 | D:13     | Received a gift from Okawaru
 22221 | D:13     | Noticed Snorg
 22233 | D:13     | Killed Snorg
 23232 | D:14     | Received a gift from Okawaru
 23238 | D:14     | Reached XP level 16. HP: 117/124 MP: 10/30
 23515 | D:14     | Found a gate to the Vaults.
 23560 | D:14     | Reached skill level 10 in Alchemy
 24207 | D:15     | Entered Level 15 of the Dungeon
 24415 | D:15     | Received a gift from Okawaru
 24575 | D:15     | Identified the ring of the Hurling Gods {rN+ rCorr EV+5
                  | Int-5}
 24884 | D:15     | Found a staircase to the Depths.
 25113 | Orc:2    | Learned a level 4 spell: Ignite Poison
 25116 | Orc:2    | Bought a book of the Senses for 640 gold pieces
 25145 | Elf:1    | Entered Level 1 of the Elven Halls
 25152 | Elf:1    | Identified the +1 chain mail of the Leaf {rF++ Str+5}
 25211 | Elf:1    | Reached skill level 5 in Armour
 25462 | Swamp:1  | Entered Level 1 of the Swamp
 25999 | Swamp:1  | Received a gift from Okawaru
 26391 | Swamp:2  | Reached XP level 17. HP: 131/131 MP: 32/32
 26686 | Swamp:2  | Acquired the +3 tower shield of Kihyteup {rN+ Str+3}
 28180 | Snake:1  | Entered Level 1 of the Snake Pit
 28340 | Snake:1  | Reached skill level 10 in Hexes
 28669 | Snake:1  | Received a gift from Okawaru
 29026 | Snake:1  | Found an ornate altar of the Wu Jian Council.
 29080 | Snake:1  | Found Cuagagh's Book Emporium.
 29081 | Snake:1  | Found Ficvul's Jewellery Shop.
 29087 | Snake:1  | Found Liyc's Book Emporium.
 29114 | Snake:1  | Learned a level 3 spell: Mephitic Cloud
 29120 | Snake:1  | Learned a level 5 spell: Metabolic Englaciation
 29124 | Snake:1  | Bought a book of Dreams for 360 gold pieces
 29128 | Snake:1  | Learned a level 3 spell: Fugue of the Fallen
 29636 | Snake:1  | Bought a manual of Fighting for 1360 gold pieces
 29675 | Snake:2  | Noticed Vashnia
 29710 | Snake:2  | Identified the serpent talisman of the Hills {Dex+4}
 29710 | Snake:2  | Noticed Aizul
 29899 | Swamp:3  | Noticed a thorn hunter
 29910 | Swamp:3  | Killed a thorn hunter
 29934 | Swamp:2  | Reached skill level 1 in Conjurations
 29939 | Swamp:2  | Reached skill level 1 in Air Magic
 30338 | Swamp:3  | Noticed Donald
 30347 | Swamp:3  | Killed Donald
 30549 | Swamp:3  | Found a transporter.
 30562 | Swamp:3  | Found a transporter.
 30563 | Swamp:3  | Found a bloodstained altar of Trog.
 30563 | Swamp:3  | Noticed Xuila's ghost (adept DrSh)
 30780 | Swamp:4  | Entered Level 4 of the Swamp
 30844 | Swamp:4  | Noticed Bai Suzhen
 30877 | Swamp:3  | Reached XP level 18. HP: 36/138 MP: 29/34
 31153 | Swamp:4  | Killed Bai Suzhen
 31570 | Arena    | Entered the Arena
 32661 | Swamp:4  | Noticed a tentacled monstrosity
 32680 | Swamp:4  | HP: 5/138 [swamp dragon (8)]
 32682 | Swamp:4  | HP: 1/138 [swamp dragon/blast of poison (2)]
 32683 | Swamp:4  | Succumbed to a swamp dragon's blast of poison

Illustrated notes

Levels and vault maps discovered:
D:1:      ebering_trefoil_twist, layout_loops_ring
D:2:      layout_basic, hellmonk_ecumenical_altar_lost_god, serial_shops,
          nicolae_shop_gibbet_a_chance, nicolae_shop_hallway_plus,
          hangedman_decor_lopped
D:3:      layout_basic, uniq_terence
D:4:      layout_loops_ring
D:5:      layout_gridville
D:6:      minmay_opposing_rooms, layout_basic, minmay_fire_ice_demons
D:7:      layout_loops_ring, minmay_temple_entry_proselytizer,
          minmay_misc_feat_x
D:8:      minmay_polygon_palace, layout_basic, david_lair_generic,
          nicolae_shop_clearance, uniq_maggie, uniq_gastronok
D:9:      layout_rooms, serial_shops, nicolae_shop_window_shopping
D:10:     layout_loops_ring, nicolae_overflow_squiral
D:11:     layout_cave_pools, minivault_25, uniq_nergalle
D:12:     layout_loops_ring, roderic_lattice_a, dreamdust_deal_with_the_devil,
          uniq_psyche, uniq_lodul, uniq_fannar
D:13:     layout_irregular_city, uniq_snorg
D:14:     layout_irregular_city, erik_vaults_2, hangedman_abyss_or_decor_stabs,
          kennysheep_nub, hive_lemuel
D:15:     hangedman_depths_entry_try_elsewhere_first, layout_cave_pools,
          grunt_decor_resistance
Temple:   nicolae_temple_slightly_damp_pantheon
Lair:1:   layout_roguey, special_room [special_room_bee], beast_lair_carwin_11
Lair:2:   layout_roguey, swamp_mist, grunt_forest_small_clearing_treed,
          uniq_amaemon
Lair:3:   layout_roguey, guppyfry_snake_entry_island, nicolae_lair_lakeside_cave
Lair:4:   layout_gridlike, slime_entry_1, nicolae_lair_liquid_snakes,
          serial_bayou_shore_b, serial_bayou_shore_a, grunt_megastairs_5
Lair:5:   gammafunk_lair_ancient_temple, layout_gridlike, minivault_27,
          lemuel_fruit_tree
Swamp:1:  layout_basic_swamp, nicolae_swamp_triple_paths, swamp_pool_1_2
Swamp:2:  layout_falls_marsh, evilmike_swamp_ruin_house_5,
          nicolae_swamp_tree_isthmus
Swamp:3:  layout_falls_marsh, gammafunk_ghost_wrathful_warriors,
          evilmike_swamp_ruin_house_3, swamp_pool_5,
          nicolae_swamp_decorative_isthmus, uniq_donald
Swamp:4:  swamp_vile, layout_basic_swamp, swamp_pool_1_2,
          nicolae_swamp_reclaimed_castle, hangedman_swamp_lotus,
          nicolae_swamp_little_swirl, nicolae_swamp_spooky_pond, uniq_bai_suzhen
Snake:1:  layout_misc_corridors, basic_altar, minmay_shop_grove
Snake:2:  cheibrodos_forgotten_conduit, layout_onion, basic_altar,
          nrook_guardian_serpent_double, uniq_aizul, uniq_vashnia
Orc:1:    layout_caves
Orc:2:    st_orc_ogre_mass, layout_caves, statue_in_the_mist_lemuel, uniq_urug,
          uniq_sonja
Elf:1:    eino_elf_arrival_sip, layout_geoelf_diagonals, minmay_elf_sorcery,
          billiards_dpeg

Skill      XL: |  1  2  3  4  5  6  7  8  9 10 11 12 13 14 15 16 17 18 |
---------------+-------------------------------------------------------+-----
Fighting       | 2 3 4 5 6 7 8 9 10 11 | 11.4
Spellcasting   | 2 3 4 5 6 7 8 10 11 12 | 12.3
Summonings     | 2 3 |  3.6
Short Blades   | 1 2 |  2.2
Shields        | 1 3 4 6 8 9 10 11 12 13 | 13.7
Alchemy        | 2 4 6 7 8 9 11 12 | 12.1
Ranged Weapons | 1 3 4 6 7 8 9 10 11 12 13 | 13.0
Evocations     | 3 5 6 |  6.9
Dodging        | 2 |  2.3
Stealth        | 2 |  2.4
Invocations    | 2 3 6 7 9 |  9.0
Earth Magic    | 4 5 6 7 |  7.6
Necromancy     | 3 4 5 6 |  6.7
Hexes          | 2 5 7 8 9 10 | 10.0
Fire Magic     | 2 3 5 6 |  6.6
Ice Magic      | 5 |  5.6
Armour         | 2 5 7 8 |  8.3
Conjurations   | 1 3 |  3.0
Air Magic      | 1 2 |  2.7
Throwing       | |  1.0

Action                     |  1- 3 |  4- 6 |  7- 9 | 10-12 | 13-15 | 16-18 || total
---------------------------+-------+-------+-------+-------+-------+-------++-------
  Melee: Short sword       |    78 |    96 |    98 |    16 |     8 |       ||   296
         Dagger            |       |    19 |       |    13 |    10 |       ||    42
         Punch             |       |     1 |       |       |       |       ||     1
         Glaive            |       |       |       |       |       |     1 ||     1
         Cutlass           |       |       |       |       |       |     1 ||     1
   Fire: Longbow           |       |       |   185 |   417 |   757 |   751 ||  2110
  Throw: Dart              |       |       |     2 |       |       |       ||     2
         Throwing net      |       |       |     1 |       |     1 |       ||     2
   Cast: Summon Small Mamm |     5 |     5 |       |       |       |       ||    10
         Olgreb's Toxic Ra |       |       |       |    28 |    48 |    24 ||   100
         Sigil of Binding  |       |       |       |     4 |    15 |    12 ||    31
         Inner Flame       |       |       |       |     3 |    66 |    39 ||   108
         Yara's Violent Un |       |       |       |     1 |     1 |     1 ||     3
         Ozocubu's Armour  |       |       |       |       |     6 |     1 ||     7
         Ignite Poison     |       |       |       |       |       |     9 ||     9
         Mephitic Cloud    |       |       |       |       |       |     6 ||     6
         Metabolic Englaci |       |       |       |       |       |     2 ||     2
         Fugue of the Fall |       |       |       |       |       |     1 ||     1
 Invoke: Heroism           |       |       |       |     4 |    13 |    24 ||    41
         Receive Weapon    |       |       |       |       |     1 |       ||     1
         Receive Armour    |       |       |       |       |     1 |       ||     1
         Finesse           |       |       |       |       |       |     4 ||     4
         Duel              |       |       |       |       |       |     1 ||     1
Ability: Dig               |       |     1 |       |     1 |     9 |     3 ||    14
         Shaft Self        |       |     1 |       |       |     1 |       ||     2
  Evoke: Wand              |     1 |     1 |     9 |     2 |    20 |    11 ||    44
         Tin of tremorston |       |       |       |       |       |     5 ||     5
    Use: Scroll            |       |       |     3 |    14 |    13 |     7 ||    37
         Potion            |       |       |       |     2 |     7 |    20 ||    29
   Stab: Sleeping          |     1 |     3 |     2 |       |       |     1 ||     7
         Distracted        |       |     1 |       |       |       |       ||     1
 Armour: Leather armour    |    32 |    44 |     4 |       |       |       ||    80
         Plate armour      |       |       |   114 |    26 |       |       ||   140
         Steam dragon scal |       |       |       |   168 |   190 |       ||   358
         Skin              |       |       |       |       |    26 |       ||    26
         Scale mail        |       |       |       |       |    27 |   403 ||   430
  Dodge: Dodged            |    54 |    40 |    11 |   142 |   111 |   198 ||   556
         Repelled          |       |       |       |       |     2 |    14 ||    16
  Block: Other             |       |     8 |       |       |       |       ||     8
         Tower shield      |       |    45 |   326 |   107 |       |       ||   478
         Reflection        |       |     1 |     7 |     1 |    11 |    45 ||    65
         Buckler           |       |       |       |   183 |    25 |       ||   208
         Kite shield       |       |       |       |       |   392 |   637 ||  1029
